 Dungeon Crawl Stone Soup version 0.16-a0-327-gbff0e38 (webtiles) character file.

14213 PolkaDot the Jinx (level 11, -2/68 HPs)
             Began as a Vampire Summoner on Sept 5, 2014.
             Was a High Priest of Sif Muna.
             Slain by a spectral orc knight
             ... wielding a +1 great sword of flaming
             ... summoned by Nergalle
              (8 damage)
             ... on Level 1 of the Lair of Beasts.
             The game lasted 02:13:58 (22166 turns).

PolkaDot the Jinx (Vampire Summoner)               Turns: 22166, Time: 02:13:58

HP  -2/68        AC  9     Str  7      XL: 11   Next: 85%
MP   4/20        EV 15     Int 23      God: Sif Muna [*****.]
Gold 943         SH  0     Dex 14      Spells:  4 memorised,  1 level left

rFire  + . .     SeeInvis +     m - +1 trident
rCold  + + +     Clarity  +     t - +2 robe {rC+ rF+}
rNeg   + + +     rCorr    .     (no shield)
rPois  +         rRot     +     o - +2 helmet {Int+3}
rElec  .         Spirit   .     K - +1 cloak
SustAb .         Warding  .     (no gloves)
rMut   .         Stasis   .     (no boots)
Gourm  .                        M - amulet of clarity
MR     +....                    H - ring of wizardry
                                f - ring of wizardry

@: regenerating slowly, somewhat resistant to hostile enchantments, fairly
stealthy
A: bottle blood, fangs 3, see invisible, unbreathing
a: Bat Form, Bottle Blood, Channel Energy, Forget Spell, Renounce Religion


You were on level 1 of the Lair of Beasts.
You worshipped Sif Muna.
Sif Muna was extremely pleased with you.
You were near bloodless.

You visited 3 branches of the dungeon, and saw 13 of its levels.
You also visited: Sewer, Ossuary and Ice Cave.

You collected 943 gold pieces.

Inventory:

Hand weapons
 m - a +1 trident (weapon)
Armour
 o - a +2 helmet of intelligence (worn)
 t - a +2 robe of resistance (worn)
 K - a +1 cloak (worn)
Magical devices
 c - a wand of cold (6)
 i - a wand of cold (3)
 n - a wand of enslavement (23)
 u - a wand of paralysis (13)
 v - a wand of cold (11)
 y - a wand of draining (4) {unknown}
 J - a wand of lightning (2)
 N - a wand of paralysis (10)
 Q - a wand of polymorph (16)
Scrolls
 a - a scroll of identify
 d - a scroll of torment
 l - 2 scrolls of enchant armour
 r - a scroll of magic mapping
 w - 3 scrolls of teleportation
 z - 2 scrolls of vulnerability
 A - 3 scrolls of fear
 C - a scroll of recharging
 F - 2 scrolls of fog {unknown}
 G - a scroll of random uselessness
 I - 2 scrolls of enchant weapon {unknown}
Jewellery
 f - a ring of wizardry (left hand)
 p - an uncursed ring of ice
 H - a ring of wizardry (right hand)
 M - an amulet of clarity (around neck)
Potions
 e - 2 potions of lignification
 g - a potion of cancellation
 j - 4 potions of brilliance
 k - 6 potions of restore abilities
 s - a potion of agility
 P - a potion of flight
Books
 b - a book of Callings

   Spells                             Type                      Level
   Summon Small Mammal                Summoning                    1
   Call Imp                           Summoning                    2
   *Call Canine Familiar              Summoning                    3
   *Summon Guardian Golem             Hexes/Summoning              4
   *Summon Lightning Spire            Summoning/Air                4
   *Summon Ice Beast                  Ice/Summoning                4
 h - a book of the Dragon

   Spells                             Type                      Level
   Flight                             Charms/Air                   3
   Cause Fear                         Hexes                        4
   Bolt of Fire                       Conjuration/Fire             6
   Dragon Form                        Transmutation                7
   Dragon's Call                      Summoning                    9
 E - a book of Wizardry

   Spells                             Type                      Level
   Agony                              Necromancy                   5
   Force Lance                        Conjuration                  5
   Dispersal                          Translocation                6
   Haste                              Charms                       6
   Invisibility                       Hexes                        6
   Spellforged Servitor               Conjuration/Summoning        7


   Skills:
 + Level 6.1 Dodging
 - Level 3.0 Stealth
 - Level 3.3 Spellcasting
 - Level 12.6 Hexes
 + Level 11.9 Summonings
 - Level 9.4 Ice Magic
 * Level 4.6 Air Magic
 - Level 3.1 Invocations


You had one spell level left.
You knew the following spells:

 Your Spells              Type           Power        Failure   Level  Hunger
d - Call Canine Familiar  Summ           ######..     1%          3    ###....
g - Summon Guardian Gole  Hex/Summ       ######..     1%          4    ####...
i - Summon Ice Beast      Ice/Summ       ######..     1%          4    ####...
s - Summon Lightning Spi  Summ/Air       #####...     1%          4    ####...


Dungeon Overview and Level Annotations

Branches:
Dungeon (11/15)            Temple (1/1) D:4             Orc (0/4) D:10
   Lair (1/8) D:11

Altars:
Ashenzari
Cheibriados
Dithmenos
Elyvilon
Fedhas
Gozag
Kikubaaqudgha
Makhleb
Nemelex Xobeh
Okawaru
Qazlal
Sif Muna
Trog
Vehumet
Xom
Yredelemnul
Zin
The Shining One

Shops:
D:5 *   D:7 =   D:10 =

Annotations:
Lair:1 Nergalle


Innate Abilities, Weirdness & Mutations

You heal slowly.
You can bottle blood from corpses.
You have razor-sharp teeth.
You have supernaturally acute eyesight.
You can survive without breathing.


Message History

Unknown command.
Quiver which item? (- for none, * to show all) (? for menu, Esc to quit)
Okay, then.
Evoke which item? (* to show all) (? for menu, Esc to quit)
Zapping:
J - a wand of lightning {zapped: 3}
Press: ? - help, Shift-Dir - straight line, f - guardian golem
Aim: a guardian golem (almost destroyed, friendly, summoned, inner flame) Really fire at your guardian golem?
You hear a mighty clap of thunder!
The bolt of lightning hits your guardian golem.
Your guardian golem resists.
Your guardian golem is almost destroyed.
The bolt of lightning hits Nergalle.
Nergalle is almost dead.
The bolt of lightning hits the spectral orc.
You destroy the spectral orc!
The spectral orc warrior hits your ice beast with a mace.
Your ice beast hits the spectral orc warrior but does no damage.
The spectral orc knight hits you with a great sword of flaming!
You die...

*,,* ### *,,* ##.## *,,*
#...# **,,* ##...## *,,,*
##.<..P# *,,,* ##......#
*,,,** #.......#
**,...######8Z.Z..##
*,,.......o8§@Y...#
***......ZZY#§Z...##
**##.########....# ***
#....###### ##......#.#
#........## # #############
##.......#
###....#.##.#.####.).....P#
....................##....#


You could see Nergalle, a spectral orc, 2 spectral orc knights, 2 spectral orc
warriors, a guardian golem (inner flame), 2 friendly ice beasts and a friendly
lightning spire.

Vanquished Creatures
  A yak (Lair:1)
  2 wolves (IceCv)
  A sky beast (D:7)
  A necrophage (D:6)
  2 ogres
  A big kobold (D:10)
  7 giant frogs
  A scorpion (D:8)
  A crimson imp (D:8)
  A quasit (D:9)
  A worker ant (D:9)
  A hound (D:8)
  An iguana (Lair:1)
  An orc wizard (D:11)
  A mummy (D:8)
  8 adders
  3 giant mites
  A shadow imp (Sewer)
  A white imp (Lair:1)
  2 worms
  3 adder skeletons
  2 giant geckos
  12 orcs
  4 giant cockroaches
  8 hobgoblins
  9 jackals
  16 kobolds
  4 quokkas
  11 bats
  10 giant newts
  6 goblins
  A hobgoblin zombie (D:9)
  A kobold zombie (Sewer)
  2 orc zombies
  5 rats
  A rat skeleton (D:6)
  A spectral orc (Lair:1)
  3 ballistomycetes
137 creatures vanquished.

Vanquished Creatures (collateral kills)
  A frost giant (IceCv)
  Erica (Lair:1)
  The ghost of Autism the Nimble, an experienced MiBe of Trog (D:9)
  3 death yaks (IceCv)
  An unseen horror (D:10)
  Erolcha (D:11)
  Pikel (D:4)
  A hill giant (D:11)
  An ugly thing (D:11)
  A cyclops (D:11)
  Joseph (D:7)
  The ghost of casual the Transmogrifier, an experienced TrTm (D:5)
  2 spiny frogs (Lair:1)
  A black mamba (Lair:1)
  A komodo dragon (D:10)
  2 kobold demonologists
  Grinder (Sewer)
  A troll (D:11)
  4 blink frogs (Lair:1)
  9 polar bears (IceCv)
  Prince Ribbit (Lair:1)
  The ghost of Erbbu the Vexing, an average DEEn (Ossuary)
  2 hippogriffs
  A hill giant skeleton (D:10)
  A hungry ghost (D:6)
  21 yaks
  19 wolves
  A water moccasin (Lair:1)
  2 orc warriors
  A phantom (D:10)
  4 sky beasts
  2 yellow wasps
  16 ice beasts
  3 black bears
  A crocodile (Lair:1)
  3 ogres
  A slave (D:4)
  A manticore skeleton (D:8)
  5 centaurs
  2 big kobolds
  4 giant frogs
  3 scorpions
  A yak zombie (D:10)
  5 wights (D:11)
  5 killer bees (D:8)
  A lightning spire (IceCv)
  An electric eel (D:11)
  2 crimson imps
  A quasit (D:9)
  A goliath beetle (D:6)
  2 lava snakes (D:11)
  10 hounds
  A human zombie (Ossuary)
  2 jellies
  13 orc priests
  A giant frog skeleton (D:11)
  2 iguanas
  7 orc wizards
  6 worker ants
  5 big kobold zombies
  Ijyb (D:3)
  Jessica (D:3)
  2 mummies (Ossuary)
  A gnoll (D:4)
  A scorpion zombie (D:8)
  A green rat (D:5)
  3 giant mites
  8 adders
  12 white imps (Lair:1)
  2 shadow imps
  5 worms
  3 ufetubi (Sewer)
  An adder skeleton (D:5)
  An orc skeleton (D:4)
  2 oozes
  29 orcs
  2 bat zombies (D:5)
  7 goblins
  2 hobgoblins
  2 ball pythons (D:5)
  5 bats
  2 giant cockroaches (Sewer)
  A giant cockroach zombie (Sewer)
  A goblin zombie (D:9)
  A hobgoblin skeleton (D:4)
  13 hobgoblin zombies
  7 jackals
  26 kobolds
  4 kobold skeletons
  12 kobold zombies
  9 orc zombies (Ossuary)
  A quokka (D:3)
  A quokka zombie (D:5)
  3 rats
  3 rat zombies (Ossuary)
  2 spectral orcs (Lair:1)
373 creatures vanquished.

Vanquished Creatures (others)
  Fannar (Lair:1)
  Nessos (D:11)
  2 polar bears (IceCv)
  15 guardian golems
  22 wolves
  7 wargs
  3 slaves (D:4)
  31 ice beasts
  A big kobold (Sewer)
  4 crimson imps
  7 hounds
  A worker ant (D:4)
  7 lightning spires (IceCv)
  2 white imps (D:4)
  2 shadow imps
  A hobgoblin (D:4)
  A kobold (D:4)
  A bat (D:1)
  2 giant spores
  An orc zombie (Ossuary)
  A quokka (D:1)
  A rat (D:1)
114 creatures vanquished.

Grand Total: 624 creatures vanquished

Notes
Turn   | Place    | Note
--------------------------------------------------------------
     0 | D:1      | PolkaDot, the Vampire Summoner, began the quest for the Orb.
     0 | D:1      | Reached XP level 1. HP: 13/13 MP: 3/3
   335 | D:1      | Reached XP level 2. HP: 19/19 MP: 1/4
   339 | D:1      | Learned a level 2 spell: Call Imp
  1123 | D:2      | Reached skill level 5 in Summonings
  1123 | D:2      | Reached XP level 3. HP: 15/24 MP: 0/6
  1186 | D:2      | Learned a level 3 spell: Call Canine Familiar
  1268 | D:2      | Found a white marble altar of Elyvilon.
  1406 | D:2      | Found a sparkling altar of Nemelex Xobeh.
  1697 | D:2      | Reached XP level 4. HP: 23/30 MP: 7/7
  2024 | D:3      | Noticed Ijyb
  2039 | D:3      | Killed Ijyb
  2217 | D:3      | Noticed an ogre
  2226 | D:3      | Killed an ogre
  2226 | D:3      | Reached skill level 6 in Summonings
  2460 | D:3      | Noticed Jessica
  2485 | D:3      | Reached XP level 5. HP: 28/35 MP: 1/9
  2489 | D:3      | Killed Jessica
  3560 | D:4      | Found a staircase to the Ecumenical Temple.
  3568 | Temple   | Entered the Ecumenical Temple
  3851 | D:4      | Reached skill level 7 in Summonings
  3855 | D:4      | Reached XP level 6. HP: 8/41 MP: 1/11
  3994 | D:4      | Noticed a slave
  4011 | D:4      | Killed a slave
  4068 | D:4      | Noticed Pikel
  4069 | D:4      | Noticed a slave
  4069 | D:4      | Noticed a slave
  4070 | D:4      | Noticed a slave
  4125 | D:4      | Killed Pikel
  4125 | D:4      | Reached XP level 7. HP: 16/46 MP: 1/14
  4161 | D:4      | Reached skill level 8 in Summonings
  4251 | D:4      | Learned a level 4 spell: Summon Ice Beast
  4317 | D:4      | Noticed an ogre
  4324 | D:4      | Killed an ogre
  4402 | D:4      | Killed a freed slave
  4703 | D:4      | Killed a freed slave
  4734 | D:4      | Found a shattered altar of Ashenzari.
  4825 | D:4      | Reached skill level 1 in Ice Magic
  4907 | D:4      | Killed a freed slave
  5121 | D:5      | Entered Level 5 of the Dungeon
  5244 | D:5      | Found a glowing drain.
  5273 | Sewer    | Entered a sewer
  5760 | Sewer    | Found a burning altar of Makhleb.
  5871 | Sewer    | Noticed Grinder
  5880 | Sewer    | Paralysed by Grinder for 2 turns
  5887 | Sewer    | Killed Grinder
  5891 | Sewer    | Reached skill level 9 in Summonings
  6178 | Sewer    | Noticed an apprentice kobold demonologist
  6187 | Sewer    | Killed an apprentice kobold demonologist
  6187 | Sewer    | Reached XP level 8. HP: 42/52 MP: 3/16
  7204 | D:5      | Noticed casual's ghost (experienced TrTm)
  7225 | D:5      | Killed casual's ghost
  7343 | D:5      | Found Igazaudo's Assorted Antiques.
  7821 | D:5      | Reached skill level 10 in Summonings
  8168 | D:6      | Found a sand-covered staircase.
  8196 | Ossuary  | Entered an ossuary
  8319 | Ossuary  | Noticed Erbbu's ghost (average DEEn)
  8333 | Ossuary  | Killed Erbbu's ghost
  8814 | D:6      | Reached skill level 5 in Ice Magic
  9485 | D:6      | Found a deep blue altar of Sif Muna.
  9560 | D:6      | Reached XP level 9. HP: 57/57 MP: 4/18
  9776 | D:6      | Learned a level 4 spell: Summon Guardian Golem
 10534 | D:6      | Became a worshipper of Sif Muna the Loreminder
 10769 | D:7      | Reached skill level 1 in Hexes
 11171 | D:7      | Noticed Joseph
 11192 | D:7      | Killed Joseph
 11316 | D:7      | Found a bloodstained altar of Trog.
 11451 | D:7      | Found Khic's Jewellery Shoppe.
 11561 | D:7      | Acquired Sif Muna's first power
 11561 | D:7      | Reached skill level 5 in Hexes
 12146 | D:8      | Got a smoking whip
 12147 | D:8      | Identified the +10 whip of the Jester {slash, +Inv rC- rN+ Str+3 Stlth++} (You found it on level 8 of the Dungeon)
 12460 | D:8      | Found an opulent altar of Gozag.
 12495 | D:8      | Found a shimmering altar of Xom.
 12495 | D:8      | Found a burning altar of Makhleb.
 12747 | D:9      | Acquired Sif Muna's second power
 12876 | D:9      | Found a deep blue altar of Sif Muna.
 12890 | D:9      | Noticed Autism's ghost (experienced MiBe)
 12936 | D:9      | Killed Autism's ghost
 12936 | D:9      | Reached skill level 11 in Summonings
 12936 | D:9      | Reached XP level 10. HP: 58/63 MP: 12/19
 13018 | D:9      | Found a glowing golden altar of the Shining One.
 13422 | D:9      | Found an ancient bone altar of Kikubaaqudgha.
 13699 | D:9      | Found a blossoming altar of Fedhas.
 13756 | D:10     | Entered Level 10 of the Dungeon
 13756 | D:10     | Found Gaemun's Jewellery Shoppe.
 13756 | D:10     | Noticed an unseen horror
 13777 | D:10     | Killed an unseen horror
 14228 | D:10     | Found a staircase to the Orcish Mines.
 15477 | D:11     | Got a pair of fine gloves
 15483 | D:11     | Identified the cursed -5 pair of gloves of the Lily {rC+ SInv Stlth--} (You found it on level 11 of the Dungeon)
 15519 | D:11     | Found a staircase to the Lair.
 15622 | D:11     | Reached skill level 10 in Hexes
 16044 | D:11     | Noticed a red ugly thing
 16058 | D:11     | Killed a red ugly thing
 16486 | D:11     | Noticed Erolcha
 16496 | D:11     | Killed Erolcha
 16510 | D:11     | Acquired Sif Muna's third power
 16712 | D:11     | Noticed Nessos
 16733 | D:11     | Killed Nessos
 17281 | D:11     | Noticed a cyclops
 17291 | D:11     | Killed a cyclops
 17307 | D:11     | Noticed a hill giant
 17313 | D:11     | Killed a hill giant
 17493 | Lair:1   | Entered Level 1 of the Lair of Beasts
 17518 | Lair:1   | Noticed Fannar
 17547 | Lair:1   | Killed Fannar
 17547 | Lair:1   | Reached XP level 11. HP: 64/68 MP: 4/20
 17598 | Lair:1   | Found a frozen archway.
 17644 | IceCv    | Entered an ice cave
 17662 | IceCv    | Reached skill level 12 in Hexes
 17767 | IceCv    | HP: 1/68 [cloud of freezing vapour (8)]
 18067 | IceCv    | Noticed an ice statue
 19349 | IceCv    | Learned a level 4 spell: Summon Lightning Spire
 19481 | IceCv    | Got a fine plate armour
 19492 | IceCv    | Identified the cursed -2 plate armour of Genuofem {rF+ Slay+6} (You found it in an ice cave)
 19757 | IceCv    | Reached skill level 1 in Air Magic
 19793 | IceCv    | Noticed a death yak
 19804 | IceCv    | Killed a death yak
 19804 | IceCv    | Reached skill level 1 in Invocations
 20213 | IceCv    | Noticed a death yak
 20213 | IceCv    | Noticed a frost giant
 20213 | IceCv    | Noticed a death yak
 20233 | IceCv    | Killed a death yak
 20366 | IceCv    | Killed a death yak
 20767 | IceCv    | Reached skill level 5 in Dodging
 20833 | IceCv    | Killed a frost giant
 21727 | Lair:1   | Found an ancient bone altar of Kikubaaqudgha.
 21763 | Lair:1   | Noticed Prince Ribbit
 21780 | Lair:1   | Killed Prince Ribbit
 22038 | Lair:1   | Noticed Erica
 22050 | Lair:1   | Killed Erica
 22131 | Lair:1   | Noticed Nergalle
 22166 | Lair:1   | Slain by a spectral orc knight

Action                   |  1- 3 |  4- 6 |  7- 9 | 10-12 || total
-------------------------+-------+-------+-------+-------++-------
Melee: Unarmed           |    23 |       |       |       ||    23
       Short sword       |    48 |       |       |       ||    48
       Dagger            |    19 |   153 |   461 |       ||   633
       Whip              |       |       |    46 |     3 ||    49
       Trident           |       |       |    22 |   292 ||   314
Throw: Stone             |    36 |       |    13 |       ||    49
 Cast: Summon Small Mamm |    19 |       |       |       ||    19
       Call Imp          |     5 |    21 |     8 |    11 ||    45
       Call Canine Famil |     1 |    13 |    42 |    54 ||   110
       Summon Ice Beast  |       |       |    96 |   165 ||   261
       Summon Guardian G |       |       |     4 |    35 ||    39
       Summon Lightning  |       |       |       |    27 ||    27
Invok: Channel Energy    |       |       |    34 |   293 ||   327
       Forget Spell      |       |       |       |     2 ||     2
 Abil: End Transformatio |       |       |     1 |     5 ||     6
       Bat Form          |       |       |     1 |     5 ||     6
       Bottle Blood      |       |       |       |     5 ||     5
Evoke: Wand              |       |       |     2 |     6 ||     8
  Use: Potion            |     3 |     7 |     5 |    19 ||    34
       Scroll            |     2 |     3 |     8 |    14 ||    27
 Stab: Sleeping          |     7 |     1 |     9 |     9 ||    26
       Distracted        |     1 |       |     3 |     3 ||     7
       Paralysed         |       |       |     2 |       ||     2
  Eat: Corpse            |    13 |    15 |    44 |    59 ||   131
